 Dungeon Crawl Stone Soup version 0.25-a0-1133-g93ebf739aa (webtiles) character file.

Game seed: 1364454727207892277, levelgen mode: deterministic

2 Flugslaktarn the Covered (level 1, 18/20 HPs)
             Began as a Deep Dwarf Fighter on May 20, 2020.
             Quit the game on level 2 of the Dungeon.
             The game lasted 00:00:05 (95 turns).

Flugslaktarn the Covered (Deep Dwarf Fighter)         Turns: 95, Time: 00:00:06

Health: 18/20      AC:  6    Str: 19    XL:     1   Next: 33%
Magic:  1/1        EV:  7    Int:  8    God:
Gold:   0          SH:  9    Dex: 12    Spells: 0/0 levels left

rFire    . . .     SeeInvis .   a - +0 war axe
rCold    . . .     Gourm    .   c - +0 kite shield
rNeg     . . .     Faith    .   b - +0 scale mail
rPois    .         Spirit   .   (no helmet)
rElec    .         Reflect  .   (no cloak)
rCorr    .         Harm     .   (no gloves)
MR       .....                  (no boots)
Stlth    ..........             (no amulet)
HPRegen  0.00/turn              (no ring)
MPRegen  0.07/turn              (no ring)

@: non-regenerating
A: damage resistance, heal wounds, sense surroundings 1, no regeneration
a: Heal Wounds


You were on level 2 of the Dungeon.
You were not hungry.

You visited 1 branch of the dungeon, and saw 2 of its levels.

Inventory:

Hand Weapons
 a - a +0 war axe (weapon)
Armour
 b - a +0 scale mail (worn)
 c - a +0 kite shield (worn)
Potions
 d - a potion of might
Comestibles
 e - 2 rations
 f - a chunk of flesh


   Skills:
 + Level 2.7 Fighting
 * Level 2.3 Axes
 + Level 3.3 Armour
 + Level 3.3 Shields


You couldn't memorise any spells.
You didn't know any spells.
Your spell library was empty.

Dungeon Overview and Level Annotations

Branches:
Dungeon (1/15)

Altars:


Innate Abilities, Weirdness & Mutations

You are resistant to damage.
You can heal yourself by infusing magical energy.
You passively map a small area around you.
You do not regenerate.


Message History

A bat is nearby!
A bat is nearby!
The bat hits you but does no damage. The bat closely misses you.
You miss the bat. The bat hits you but does no damage.
You block the bat's attack. The bat hits you but does no damage.
You barely miss the bat. The bat hits you but does no damage.
The bat closely misses you. The bat closely misses you.
The bat hits you but does no damage.
You closely miss the bat. You block the bat's attack.
The bat hits you but does no damage. x3
You miss the bat. You block the bat's attack.
The bat hits you but does no damage.
You closely miss the bat. You block the bat's attack.
The bat hits you but does no damage. The bat closely misses you.
A bat is nearby!
A bat is nearby!
You barely miss the bat. You block the bat's attack.
Are you sure you want to abandon this character and quit the game? (Confirm with "yes".)

, .# ** * ,
.# * + .. ,
*.#,, , #.#
, ,*.# ,,
#.# , , * .#
, #.# , , .#
,, * #.#
########b#
,, * #.# ,
#......@.#,,
.. ##.# ,, ,
#.######## ,
..# #... , ,
, #.# ,
,,..# #..#
#.# #+#.#
#..# #.#
#.#.#####..#
, #.#
*..........#
, #.#
##.######.#
* #.#
#........#
#.#
#.########


You could see a bat.

Vanquished Creatures
  A bat (D:1)
  A frilled lizard (D:2)
  A rat (D:2)
3 creatures vanquished.

Notes
Turn   | Place    | Note
-------+----------+-------------------------------------------
     0 | D:1      | Flugslaktarn the Deep Dwarf Fighter began the quest for the
                  | Orb.
     0 | D:1      | Reached XP level 1. HP: 20/20 MP: 1/1
    24 | D:1      | You fall into a shaft and drop 1 floor!
    95 | D:2      | Quit the game

Illustrated notes

Levels and vault maps discovered:
D:1:      mrwooster_arrival_arrow, layout_basic, serial_forest,
          infiniplex_forest_pool, infiniplex_forest_straight_2,
          infiniplex_forest_end_2, infiniplex_forest_straight_5,
          infiniplex_forest_straight_3, infiniplex_forest_clump_tiny
D:2:      layout_basic

Action                   || total
-------------------------++-------
Melee: War axe           ||    23
Armor: Scale mail        ||    24
Dodge: Dodged            ||    10
Block: Kite shield       ||    21

Table legend:
 A = Non-vault XP
 B = Vault XP
 C = Vault XP percentage of total XP
 D = Non-vault monster count
 E = Vault monster count
 F = Vault count percentage of total count
                 A         B        C        D         E       F
            +---------+---------+-------+---------+---------+-------
      Total |       4 |       0 |   0.0 |       3 |       0 |   0.0
            +---------+---------+-------+---------+---------+-------
        D:1 |       2 |       0 |   0.0 |       1 |       0 |   0.0
        D:2 |       2 |       0 |   0.0 |       2 |       0 |   0.0
            +---------+---------+-------+---------+---------+-------
